 Dungeon Crawl Stone Soup version 0.21.0-3-g78d12a8 (webtiles) character file.

208 komo4ek the Caller (level 6, -1/43 HPs)
             Began as a Human Summoner on Jan 17, 2018.
             Was an Initiate of Okawaru.
             Slain by a slave (4 damage)
             ... led by Pikel
             ... on level 4 of the Dungeon.
             The game lasted 00:09:04 (3414 turns).

komo4ek the Caller (Human Summoner)                 Turns: 3414, Time: 00:09:04

Health: -1/43      AC:  3    Str:  9    XL:     6   Next: 11%
Magic:  6/10       EV: 18    Int: 17    God:    Okawaru [......]
Gold:   79         SH:  0    Dex: 18    Spells: 7/11 levels left

rFire    . . .     SeeInvis .   d - +0 spear
rCold    . . .     Gourm    .   (no shield)
rNeg     . . .     Faith    .   a - +0 robe
rPois    .         Spirit   .   (no helmet)
rElec    .         Reflect  .   (no cloak)
rCorr    .         Harm     .   (no gloves)
MR       .....                  u - +0 pair of boots (curse)
Stlth    +++.......             (no amulet)
HPRegen  0.14/turn              (no ring)
MPRegen  0.12/turn              (no ring)

@: agile, very slightly contaminated
A: no striking features
a: Renounce Religion


You were on level 4 of the Dungeon.
You worshipped Okawaru.
Okawaru was noncommittal.
You were not hungry.

You visited 1 branch of the dungeon, and saw 4 of its levels.

You collected 79 gold pieces.

Inventory:

Hand Weapons
 d - a +0 spear (weapon)
Missiles
 f - 65 arrows
 h - 155 stones (quivered)
 r - 12 bolts
Armour
 a - a +0 robe (worn)
 p - a +0 shield
 u - a cursed +0 pair of boots (worn)
Jewellery
 v - a +5 ring of strength {unknown}
Scrolls
 g - 2 scrolls of remove curse {unknown}
 j - a scroll of magic mapping {unknown}
 k - 4 scrolls of identify {unknown}
 o - 4 scrolls of amnesia {unknown}
 s - a scroll of enchant armour {unknown}
 t - a scroll of teleportation {unknown}
Potions
 e - a potion of agility
 i - a potion of degeneration {unknown}
 l - 2 potions of ambrosia {unknown}
 m - a potion of curing {unknown}
 n - a potion of lignification {unknown}
 q - a potion of brilliance {unknown}
Books
 b - a book of Callings

   Spells                             Type                      Level
   a - Summon Small Mammal            Summoning                    1
   b - Call Imp                       Summoning                    2
   c - Call Canine Familiar           Summoning                    3
   d - Summon Guardian Golem          Hexes/Summoning              3
   e - Summon Lightning Spire         Summoning/Air                4
   f - Summon Ice Beast               Ice/Summoning                4
Comestibles
 c - 4 rations


   Skills:
 + Level 1.4 Fighting
 + Level 1.5 Armour
 + Level 2.6 Dodging
 - Level 2.0 Stealth
 + Level 3.1 Spellcasting
 + Level 5.3 Summonings


You had 7 spell levels left.
You knew the following spells:

 Your Spells              Type           Power        Failure   Level  Hunger
a - Summon Small Mammal   Summ           ###.         1%          1    None
b - Call Canine Familiar  Summ           ###.....     5%          3    ###....


Dungeon Overview and Level Annotations

Branches:
Dungeon (4/15)
 Temple: D:4-7

Altars:
Okawaru
Ru

Annotations:
D:3 2 transporters
D:4 Pikel


Message History

You barely miss the slave.
The slave is heavily wounded.
Your hound closely misses the slave.
The slave hits you.
* * * LOW HITPOINT WARNING * * *
Your hound bites the slave.
You barely miss the slave.
The slave is severely wounded.
The slave completely misses you.
Your hound barely misses the slave.
It was a potion of agility.
You feel agile all of a sudden.
Your hound bites the slave but does no damage.
The slave misses you.
Your hound bites the slave.
You hit the slave.
The slave is almost dead.
Your hound closely misses the slave.
The slave hits you!
* * * LOW HITPOINT WARNING * * *
You hit the slave but do no damage.
The slave is almost dead.
Your hound barely misses the slave.
The slave hits you.
You die...

# # ##### .#.
#######...# #.#
..........# #.#
######.#h###.#
##.###.##.# # #.##
##h..####...#
##.###p##.........
##.#@###.####...#
##.## #p#####?##
## ### #.......# .
#.##.##.# # #.# K#
# #.. p. .# #.#
.## .. #.# .# ..
#.. .. !.


You could see a slave and a friendly hound.

Vanquished Creatures
  The ghost of komo4ek the Caller, an amateur HuSu of Gozag (D:3)
  2 worker ants (D:4)
  An adder (D:2)
  An ooze (D:2)
  A dart slug (D:1)
  2 orcs (D:3)
  2 giant cockroaches
  4 goblins
  A hobgoblin (D:1)
  A jackal (D:3)
  9 bats
  A frilled lizard (D:2)
  5 kobolds
  5 rats
36 creatures vanquished.

Vanquished Creatures (collateral kills)
  A slave (D:3)
  An orc priest (D:3)
  A worker ant (D:4)
  3 gnolls (D:2)
  An adder (D:2)
  An ooze (D:3)
  2 worms (D:2)
  A dart slug (D:1)
  2 orcs
  6 bats
  A giant cockroach (D:1)
  A goblin (D:1)
  6 hobgoblins
  A jackal (D:3)
  4 kobolds
  A quokka (D:3)
  2 frilled lizards
  3 rats (D:1)
38 creatures vanquished.

Grand Total: 74 creatures vanquished

Notes
Turn   | Place    | Note
-------+----------+-------------------------------------------
     0 | D:1      | komo4ek the Human Summoner began the quest for the Orb.
     0 | D:1      | Reached XP level 1. HP: 13/13 MP: 3/3
   272 | D:1      | Reached XP level 2. HP: 18/19 MP: 0/5
   800 | D:1      | Reached XP level 3. HP: 23/24 MP: 3/6
   805 | D:1      | Learned a level 3 spell: Call Canine Familiar
  1191 | D:2      | Reached skill level 5 in Summonings
  1191 | D:2      | Reached XP level 4. HP: 16/30 MP: 2/8
  1625 | D:2      | Found an iron altar of Okawaru.
  1635 | D:2      | Became a worshipper of Warmaster Okawaru
  1874 | D:2      | Found a sacrificial altar of Ru.
  1910 | D:3      | Found a transporter.
  2300 | D:3      | Found a transporter.
  2305 | D:3      | Reached XP level 5. HP: 36/36 MP: 5/9
  2414 | D:3      | Noticed komo4ek's ghost (amateur HuSu)
  2436 | D:3      | Killed komo4ek's ghost
  2436 | D:3      | Reached skill level 1 in Fighting
  2436 | D:3      | Reached skill level 1 in Armour
  3076 | D:4      | Reached XP level 6. HP: 38/43 MP: 5/10
  3160 | D:4      | Noticed Pikel
  3160 | D:4      | Noticed a slave
  3161 | D:4      | Noticed a slave
  3185 | D:3      | Killed a slave
  3414 | D:4      | Slain by a slave

Skill      XL: |  1  2  3  4  5 |
---------------+----------------+-----
Summonings     | 5 |  5.3
Fighting       | 1 |  1.4
Armour         | 1 |  1.5
Spellcasting   | 3 |  3.1
Dodging        | |  2.6
Stealth        | |  2.0

Action                   |  1- 3 |  4- 6 || total
-------------------------+-------+-------++-------
Melee: Spear             |    81 |   149 ||   230
 Cast: Summon Small Mamm |    18 |       ||    18
       Call Canine Famil |     8 |    20 ||    28
  Use: Potion            |       |     1 ||     1
 Stab: Sleeping          |     5 |     6 ||    11
       Distracted        |     2 |     2 ||     4
  Eat: Chunk             |     2 |     3 ||     5
       Ration            |       |     2 ||     2
Armor: Robe              |    10 |    41 ||    51
Dodge: Dodged            |    33 |    98 ||   131
